 Dungeon Crawl Stone Soup version 0.18-a0-1140-g8540535 (webtiles) character file.

552 Psiweapon the Skirmisher (level 7, -7/60 HPs)
             Began as a Hill Orc Gladiator on Jan 20, 2016.
             Mangled by Sigmund
             ... wielding a +0 scythe
              (8 damage)
             ... on level 4 of the Dungeon on Jan 21, 2016.
             The game lasted 00:11:20 (3920 turns).

Psiweapon the Skirmisher (Hill Orc Gladiator)       Turns: 3920, Time: 00:11:20

Health: -7/60      AC:  8    Str: 20    XL:     7   Next: 29%
Magic:  7/7        EV: 12    Int: 13    God:    Xom [..*...]
Gold:   202        SH:  0    Dex: 11    Spells: 0 memorised, 6 levels left

rFire  + . .     SeeInvis .     a - +0 quarterstaff
rCold  . . .     Gourm    .     p - +0 ring mail
rNeg   . . .     Faith    .     (shield currently unavailable)
rPois  .         Spirit   .     c - +0 helmet
rElec  .         Dismiss  .     (no cloak)
rCorr  .         Reflect  +     (no gloves)
SustAt .         Harm     .     u - +0 pair of boots
MR     .....                    w - +3 amulet of reflection
Stlth  ..........               (no ring)
                                n - ring of protection from fire

@: confused, brilliant, flying, not resistant to hostile enchantments, extremely
unstealthy
A: no striking features
a: Renounce Religion


You were on level 4 of the Dungeon.
You worshipped Xom.
You were a toy of Xom.
You were not hungry.

You visited 2 branches of the dungeon, and saw 5 of its levels.

You collected 202 gold pieces.

Inventory:

Hand Weapons
 a - a +0 quarterstaff (weapon)
 h - a +0 hunting sling
 q - a +0 war axe
 B - a +2 flail of venom
Missiles
 d - a throwing net (quivered)
 E - 15 bolts
Armour
 b - a +0 leather armour
 c - a +0 helmet (worn)
 m - a +0 helmet
 p - a +0 ring mail (worn)
 u - a +0 pair of boots (worn)
 y - a +0 ring mail
 D - a +0 chain mail
Jewellery
 n - a ring of protection from fire (left hand)
 w - a +3 amulet of reflection (around neck)
Wands
 G - a wand of polymorph (13/24)
 J - a wand of paralysis (13/24)
Scrolls
 j - a scroll of magic mapping {unknown}
 k - 3 scrolls of teleportation {unknown}
 l - a scroll of fear {unknown}
 o - 2 scrolls of remove curse {unknown}
 s - a scroll of enchant weapon {unknown}
 z - a scroll of amnesia {unknown}
 A - 4 scrolls of identify {unknown}
Potions
 e - a potion of flight
 i - a potion of lignification
 v - 2 potions of agility {unknown}
 x - 3 potions of might {unknown}
 C - a potion of poison {unknown}
 H - a potion of heal wounds {unknown}
Comestibles
 f - 3 bread rations
 g - 6 meat rations
 F - 7 chunks of flesh
 I - a beef jerky


   Skills:
 + Level 4.4 Fighting
 + Level 4.2 Staves
 + Level 1.9 Throwing
 + Level 3.6 Armour
 + Level 4.2 Dodging
 + Level 0.5 Stealth


You had 6 spell levels left.
You didn't know any spells.

Dungeon Overview and Level Annotations

Branches:
Dungeon (4/15)             Temple (1/1) D:4

Altars:
Ashenzari
Cheibriados
Dithmenos
Elyvilon
Fedhas
Gozag
Kikubaaqudgha
Makhleb
Nemelex Xobeh
Okawaru
Pakellas
Qazlal
Ru
Sif Muna
Trog
Vehumet
Xom
Yredelemnul
Zin
The Shining One

Annotations:
D:4 Sigmund


Message History

You feel less confused. Something hits you.
* * * LOW HITPOINT WARNING * * *
Something hits you.
* * * LOW HITPOINT WARNING * * *
You hit something.
Evoke which item? (* to show all) (? for menu, Esc to quit)
Zapping:
G - a wand of polymorph (will waste charges)
Press: ? - help, Shift-Dir - straight line, f - you Nothing appears to happen.
Evoking this partially-identified wand wasted a few charges.
You hear some strange, mumbled words.
You are confused.
Evoke which item? (* to show all) (? for menu, Esc to quit)
Zapping:
G - a wand of polymorph {zapped: 3} (will waste charges)
Press: ? - help, Shift-Dir - straight line, f - you Nothing appears to happen.
Evoking this partially-identified wand wasted a few charges.
Something hits you!
You die...

#.#..##..##.......#
#.....>..##.......#
####........#######
#..#####.#
#..#####.#
#.....##.#
##(##.##(#
#.##.##{#
#......@##.##).
####..........#
#######.#### .. ##


There were no monsters in sight!

Vanquished Creatures
  The ghost of runewalsh the Chiller, an amateur OpIE (D:3)
  An ogre (D:4)
  An orc wizard (D:3)
  A worker ant (D:4)
  3 gnolls
  9 adders
  An ooze (D:1)
  2 worms
  A giant gecko (D:1)
  11 orcs (D:3)
  3 giant cockroaches
  5 goblins
  8 hobgoblins
  10 jackals
  2 quokkas (D:2)
  2 ball pythons (D:2)
  9 bats
  3 giant newts
  5 kobolds
  7 rats
85 creatures vanquished.

Vanquished Creatures (collateral kills)
  An iguana (D:3)
  An orc wizard (D:3)
  2 gnolls (D:3)
  2 orcs (D:3)
  A ball python (D:3)
7 creatures vanquished.

Grand Total: 92 creatures vanquished

Notes
Turn   | Place    | Note
--------------------------------------------------------------
     0 | D:1      | Psiweapon the Hill Orc Gladiator began the quest for the Orb.
     0 | D:1      | Reached XP level 1. HP: 18/18 MP: 1/1
    69 | D:1      | Reached XP level 2. HP: 9/25 MP: 2/2
   376 | D:1      | Reached skill level 3 in Staves
   463 | D:1      | You fall through a shaft!
   465 | D:2      | Found a shimmering altar of Xom.
   488 | D:2      | Became a worshipper of Xom of Chaos
   574 | D:2      | Reached XP level 3. HP: 24/30 MP: 3/3
   688 | D:1      | XOM: divination: detect creatures
   720 | D:1      | XOM: divination: detect creatures
   774 | D:1      | XOM: vitrification
  1124 | D:2      | XOM: vitrification
  1433 | D:2      | Reached skill level 1 in Armour
  1433 | D:2      | Reached XP level 4. HP: 32/37 MP: 4/4
  1740 | D:3      | Noticed runewalsh's ghost (amateur OpIE)
  1741 | D:3      | XOM: divination: detect creatures
  1742 | D:3      | XOM: divination: magic mapping
  1984 | D:3      | XOM: god gift: ring mail {god gift}
  2021 | D:3      | XOM: summons friendly chaos spawn
  2025 | D:3      | Reached XP level 5. HP: 23/45 MP: 5/5
  2296 | D:2      | XOM: scenery: 1 doors open, 1 doors close
  2357 | D:3      | XOM: enchant monster (good)
  2377 | D:3      | Killed runewalsh's ghost
  2377 | D:3      | Reached skill level 4 in Staves
  2377 | D:3      | Reached XP level 6. HP: 11/52 MP: 6/6
  2637 | D:3      | XOM: colour smoke trail
  3002 | D:3      | XOM: 1-stop teleportation journey
  3006 | D:3      | XOM: 2-stop teleportation journey
  3566 | D:4      | Found a staircase to the Ecumenical Temple.
  3583 | Temple   | Entered the Ecumenical Temple
  3623 | D:4      | XOM: mild Necr miscast
  3638 | D:4      | Reached XP level 7. HP: 44/59 MP: 7/7
  3696 | D:4      | XOM: divination: detect items
  3700 | D:4      | XOM: divination: detect items
  3849 | D:4      | Found a snail-covered altar of Cheibriados.
  3870 | D:4      | Noticed Sigmund
  3917 | D:4      | HP: 1/60 [something (5)]
  3920 | D:4      | Mangled by Sigmund

Vault maps used:
D:1:      lightli_arrival_flooded_house
D:2:      lemuel_doored_altar, minmay_crystal_room, grunt_ministairs_5,
          moated_statue
D:3:      minmay_misc_feat_plants
D:4:      cheibriados_altar_1, minmay_temple_entry_nine_rooms, minmay_distorted,
          uniq_sigmund
Temple:   nicolae_temple_no_exploring_needed

Action                   |  1- 3 |  4- 6 |  7- 9 || total
-------------------------+-------+-------+-------++-------
Melee: Quarterstaff      |   123 |   185 |    34 ||   342
Throw: Throwing net      |       |       |     2 ||     2
Evoke: Wand              |       |       |     2 ||     2
  Use: Potion            |       |     1 |     3 ||     4
  Eat: Chunk             |     2 |     4 |       ||     6
       Pizza             |       |     1 |       ||     1
       Bread ration      |       |     1 |       ||     1
